 Dungeon Crawl Stone Soup version 0.21.0 (webtiles) character file.

410 Megalobster the Chopper (level 6, -4/56 HPs)
             Began as a Hill Orc Fighter on Jan 7, 2018.
             Slain by a troll (7 damage)
             ... on level 4 of the Dungeon.
             The game lasted 00:09:47 (2638 turns).

Megalobster the Chopper (Hill Orc Fighter)          Turns: 2638, Time: 00:09:48

Health: -4/56      AC:  8    Str: 18 (21) XL:     6   Next: 89%
Magic:  6/6        EV:  7    Int:  7 (8)  God:
Gold:   182        SH:  9    Dex:  8 (10) Spells: 5/5 levels left

rFire    + . .     SeeInvis .   a - +0 war axe
rCold    + . .     Gourm    .   c - +0 shield
rNeg     . . .     Faith    .   b - +0 scale mail
rPois    +         Spirit   .   s - +0 helmet
rElec    +         Reflect  .   (no cloak)
rCorr    +         Harm     .   (no gloves)
MR       .....                  (no boots)
Stlth    ..........             (no amulet)
HPRegen  0.18/turn              (no ring)
MPRegen  0.10/turn              (no ring)

@: about to teleport, resistant, very slightly contaminated, invisible
A: no striking features
a: no special abilities


You were on level 4 of the Dungeon.
You were not hungry.

You visited 1 branch of the dungeon, and saw 4 of its levels.

You collected 182 gold pieces.

Inventory:

Hand Weapons
 a - a +0 war axe (weapon)
 w - a +2 hand axe of chopping
Armour
 b - a +0 scale mail (worn)
 c - a +0 shield (worn)
 s - a +0 helmet (worn)
 x - a +3 leather armour
 A - a +0 helmet
Wands
 d - a wand of flame (34)
Scrolls
 j - a scroll of teleportation
 k - 2 scrolls of enchant weapon {unknown}
 m - 2 scrolls of remove curse {unknown}
 r - 3 scrolls of magic mapping {unknown}
 y - 3 scrolls of blinking {unknown}
 B - a scroll of enchant armour {unknown}
 C - a scroll of amnesia {unknown}
Potions
 g - 3 potions of flight
 i - 2 potions of lignification
 l - a potion of brilliance {unknown}
 p - a potion of ambrosia {unknown}
 q - a potion of invisibility
 t - a potion of curing {unknown}
 v - a potion of agility {unknown}
 z - a potion of magic {unknown}
Comestibles
 f - 10 rations


   Skills:
 + Level 5.1 Fighting
 * Level 6.2 Axes
 + Level 4.7 Armour
 + Level 4.6 Shields


You had 5 spell levels left.
You didn't know any spells.

Dungeon Overview and Level Annotations

Branches:
Dungeon (4/15)
 Temple: D:4-7

Altars:

Annotations:
D:4 komo4ek's ghost, amateur GrFi


Message History

There was something very wrong with that liquid.
You feel weakened.
You feel dopey.
You feel clumsy. The troll barely misses you. You block the troll's attack. x2
It was a potion of resistance.
You feel protected. The troll bites you!
* * * LOW HITPOINT WARNING * * *
The troll claws you.
* * * LOW HITPOINT WARNING * * *
You block the troll's attack.
As you read the scroll labeled HANKISI UFAHED, it crumbles to dust.
You feel strangely unstable.
It was a scroll of teleportation.
You block the troll's attack. The troll closely misses you.
The troll claws you but does no damage.
Unknown command.
Your shield and scale mail prevent you from hitting the troll.
The troll bites you!
* * * LOW HITPOINT WARNING * * *
The troll claws you!
You die...

#........#..##....#.....
#........#........#.....
#........#........#.....
#........#..###'###.....
#........#..#...........
#######....#'###..#...........
#.....#....'......#...........
#.....#....#T.....'......#'###
#.....#....#.@....#......#....
#'#####....#####..#......#....
#.....#........#..#......#####
#.....'........'..#...........
#.....#........#..#...........
#.....#........#..###'###.....
#.....+........#...#....#.....
#.....#........#...#....#....)
##'#####........#...#....#.....


You could see a troll.

Vanquished Creatures
  Grinder (D:4)
  Jessica (D:3)
  An orc wizard (D:4)
  A gnoll (D:1)
  3 adders
  An adder skeleton (D:4)
  2 worms
  4 leopard geckos
  16 orcs
  3 ball pythons
  2 giant cockroaches
  7 goblins
  10 hobgoblins
  11 jackals
  A kobold (D:3)
  5 bats (D:1)
  2 frilled lizards
  4 rats
75 creatures vanquished.

Notes
Turn   | Place    | Note
-------+----------+-------------------------------------------
     0 | D:1      | Megalobster the Hill Orc Fighter began the quest for the Orb.
     0 | D:1      | Reached XP level 1. HP: 19/19 MP: 1/1
    62 | D:1      | Reached skill level 3 in Axes
    66 | D:1      | Reached XP level 2. HP: 23/27 MP: 2/2
   320 | D:1      | Reached XP level 3. HP: 32/33 MP: 3/3
   830 | D:2      | Reached skill level 4 in Axes
  1209 | D:3      | Reached XP level 4. HP: 40/40 MP: 4/4
  1699 | D:3      | Noticed Jessica
  1702 | D:3      | Killed Jessica
  1702 | D:3      | Reached XP level 5. HP: 47/47 MP: 5/5
  1782 | D:3      | You fall through a shaft!
  2111 | D:4      | Reached skill level 5 in Axes
  2247 | D:4      | Noticed komo4ek's ghost (amateur GrFi)
  2303 | D:4      | Noticed Grinder
  2338 | D:4      | Killed Grinder
  2338 | D:4      | Reached skill level 5 in Fighting
  2338 | D:4      | Reached skill level 6 in Axes
  2338 | D:4      | Reached XP level 6. HP: 19/56 MP: 6/6
  2593 | D:4      | Noticed a troll
  2638 | D:4      | Slain by a troll

Skill      XL: |  1  2  3  4  5 |
---------------+----------------+-----
Axes           | 3 4 6 |  6.2
Fighting       | 4 5 |  5.1
Armour         | 4 |  4.7
Shields        | 4 |  4.6

Action                   |  1- 3 |  4- 6 || total
-------------------------+-------+-------++-------
Melee: War axe           |    80 |   134 ||   214
  Use: Scroll            |       |     4 ||     4
       Potion            |       |     5 ||     5
  Eat: Chunk             |     1 |     4 ||     5
       Ration            |       |     1 ||     1
Armor: Scale mail        |    59 |    57 ||   116
Dodge: Dodged            |    49 |    38 ||    87
Block: Shield            |    48 |    71 ||   119
